 Dungeon Crawl Stone Soup version 0.31-a0-233-g139696dc86 (webtiles) character file.

Game seed: 4725449438141272164

100 qw the Shooter (level 4, -1/26 HPs)
             Began as a Gargoyle Hexslinger on July 9, 2023.
             Slain by a scorpion (3 damage)
             ... on level 3 of the Dungeon.
             The game lasted 00:00:39 (1293 turns).

qw the Shooter (Gargoyle Hexslinger)                Turns: 1293, Time: 00:00:40

Health: -1/26      AC: 10    Str: 12    XL:     4   Next: 74%
Magic:  5/5        EV: 10    Int: 13    God:
Gold:   130        SH:  0    Dex: 14    Spells: 4/5 levels left

rFire   + . .        Y - +1 sling
rCold   + . .        (no shield)
rNeg    + . .        f - +0 ring mail
rPois   inf          g - +0 helmet
rElec   +            c - scarf {rC+ rF+}
rCorr   .            (no gloves)
SInv    +            (no boots)
Will    .....        k - amulet of the acrobat
Stlth   +            b - ring of see invisible
HPRegen 0.24/turn    (no ring)
MPRegen 0.09/turn

%: acrobat
@: about to teleport
A: sickness immunity, AC +3, negative energy resistance 1, electricity
resistance, torment resistance 1, petrification resistance
a: no special abilities


You were on level 3 of the Dungeon.
You visited 1 branch of the dungeon, and saw 3 of its levels.

You collected 130 gold pieces.


Innate Abilities, Weirdness & Mutations

You are immune to sickness and miasma.
Your stone body is resilient. (AC +3)
You are immune to poison.
You resist negative energy. (rN+)
You are resistant to electric shocks. (rElec)
You are resistant to unholy torment.
You are immune to petrification.


   Skills:
 - Level 2.0 Fighting
 + Level 4.1 Ranged Weapons
 - Level 1.5 Armour
 - Level 1.5 Dodging
 - Level 1.0 Spellcasting
 - Level 2.6 Hexes


You had 4 spell levels left.
You knew the following spells:

 Your Spells              Type           Power      Damage    Failure   Level
a - Slow                  Hex            28%        N/A       21%         1

Your spell library contained the following spells:

 Spells                   Type           Power      Damage    Failure   Level
 Inner Flame              Hex/Fire       4%         N/A       71%         3
 Portal Projectile        Hex/Tloc       8%         N/A       71%         3
 Cause Fear               Hex            3%         N/A       90%         4

Inventory:

Hand Weapons
 Y - a +1 sling (weapon)
Armour
 c - a scarf of resistance (worn)
 f - a +0 ring mail (worn)
 g - a +0 helmet (worn)
Jewellery
 b - a ring of see invisible (left hand)
 k - an amulet of the acrobat (around neck)
Potions
 h - a potion of degeneration {unknown}
 i - a potion of resistance {unknown}
 j - a potion of curing

Dungeon Overview and Level Annotations

Branches:
Dungeon (3/15)

Altars:


Message History

You shoot a sling bullet.
The sling bullet closely misses the scorpion.
The scorpion stings you but does no damage.
The scorpion stings you.
You shoot a sling bullet.
The sling bullet completely misses the scorpion.
The scorpion stings you but does no damage.
You shoot a sling bullet.
The sling bullet hits the scorpion but does no damage.
The scorpion is lightly wounded.
The scorpion stings you. The scorpion barely misses you.
You shoot a sling bullet.
The sling bullet closely misses the scorpion.
The scorpion stings you. x2
You shoot a sling bullet. The sling bullet hits the scorpion.
The scorpion is moderately wounded.
The scorpion stings you.
You shoot a sling bullet. The sling bullet hits the scorpion.
The scorpion is moderately wounded.
The scorpion stings you but does no damage.
The scorpion closely misses you.
You shoot a sling bullet.
The sling bullet barely misses the scorpion.
The scorpion stings you.
You shoot a sling bullet.
The sling bullet closely misses the scorpion.
The scorpion closely misses you.
The scorpion stings you but does no damage.
You shoot a sling bullet. The sling bullet hits the scorpion.
The scorpion is severely wounded.
The scorpion stings you but does no damage.
You shoot a sling bullet.
The sling bullet hits the scorpion but does no damage.
The scorpion is heavily wounded.
The scorpion stings you. The scorpion barely misses you.
1293 ||| READING scroll of teleportation.
As you read the scroll of teleportation, it crumbles to dust.
You feel strangely unstable. The scorpion stings you.
You die...

+>.........#
#..........# ####
#..........#
.....##..........#
#.........###'##
.###.##.###.# #.#
.........<#.# #.#
####.##.#.#<# #.#
# #.#.### #@#
#.#.# #.s......
#.#.# #########
..#+# ..^ ...


You could see a scorpion.

Vanquished Creatures
  3 gnolls (D:2)
  2 adders (D:2)
  2 worms (D:2)
  2 dart slugs (D:2)
  3 ball pythons
  3 bats
  2 endoplasms (D:1)
  3 giant cockroaches
  5 goblins
  4 hobgoblins
  4 jackals
  3 kobolds
  A quokka (D:1)
  2 frilled lizards
  5 rats
44 creatures vanquished.

Notes
Turn   | Place    | Note
-------+----------+-------------------------------------------
     0 | D:1      | qw the Gargoyle Hexslinger began the quest for the Orb.
     0 | D:1      | Reached XP level 1. HP: 12/12 MP: 2/2
     0 | D:1      | 0 ||| qw: Version: 0.3-a-51-g015441d
     0 | D:1      | 0 ||| qw: Game counter: 3884
     0 | D:1      | 0 ||| qw: Melee chars always use a shield: true
     0 | D:1      | 0 ||| qw: God list: Okawaru
     0 | D:1      | 0 ||| qw: Allow faded altars: false
     0 | D:1      | 0 ||| qw: Do Orc after clearing Dungeon:15 true
     0 | D:1      | 0 ||| qw: Do second Lair branch before Depths: true
     0 | D:1      | 0 ||| qw: Lair rune preference: random
     0 | D:1      | 0 ||| qw: Goals: Normal
     0 | D:1      | 0 ||| PLANNING D:1-11
    90 | D:1      | Reached XP level 2. HP: 16/16 MP: 3/3
   177 | D:1      | Reached skill level 3 in Ranged Weapons
   327 | D:1      | Reached XP level 3. HP: 17/21 MP: 4/4
   537 | D:1      | 537 ||| UPGRADING to +0 ring mail.
   547 | D:1      | 547 ||| DROPPING +0 robe.
   548 | D:1      | 548 ||| UPGRADING to +0 helmet.
   553 | D:1      | 553 ||| UPGRADING to amulet of the acrobat.
   558 | D:1      | 558 ||| READING scroll labelled CUDAUX BYOTZ.
   559 | D:1      | 559 ||| DRINKING 2 yellow potions.
   560 | D:1      | 560 ||| DRINKING 2 black potions.
   561 | D:1      | 561 ||| DROPPING scroll of poison.
   562 | D:1      | 562 ||| DROPPING potion of brilliance.
   732 | D:2      | Reached skill level 1 in Armour
   763 | D:2      | Reached XP level 4. HP: 26/26 MP: 5/5
  1065 | D:2      | Reached skill level 4 in Ranged Weapons
  1239 | D:2      | 1239 ||| UPGRADING to scarf of resistance.
  1244 | D:2      | 1244 ||| UPGRADING to ring of see invisible.
  1245 | D:2      | 1245 ||| READING 2 scrolls labelled XASKAY MUHUYN.
  1248 | D:2      | 1248 ||| READING 2 scrolls labelled MARUFUDWIC.
  1249 | D:2      | 1249 ||| DRINKING 2 clear potions.
  1250 | D:2      | 1250 ||| DROPPING scroll of immolation.
  1251 | D:2      | 1251 ||| DROPPING potion of invisibility.
  1280 | D:3      | Noticed a scorpion
  1292 | D:3      | HP: 2/26 [scorpion (6)]
  1293 | D:3      | 1293 ||| READING scroll of teleportation.
  1293 | D:3      | Slain by a scorpion

Levels and vault maps discovered:
D:1:      minmay_arrival_loop, layout_rooms
D:2:      layout_loops_ring, nicolae_grassy_gnolls
D:3:      layout_basic, uniq_sigmund

Skill      XL: |  1  2  3  4 |
---------------+-------------+-----
Ranged Weapons | 3 4 |  4.1
Fighting       | 2 |  2.0
Armour         | 1 |  1.5
Dodging        | |  1.5
Spellcasting   | |  1.0
Hexes          | |  2.6

Action                     |  1- 3 |  4- 6 || total
---------------------------+-------+-------++-------
   Fire: Sling             |    95 |    61 ||   156
    Use: Potion            |     2 |     1 ||     3
         Scroll            |     1 |     3 ||     4
 Armour: Robe              |     7 |       ||     7
         Ring mail         |    21 |    20 ||    41
  Dodge: Dodged            |    32 |    23 ||    55

Table legend:
 A = Non-vault XP
 B = Vault XP
 C = Vault XP percentage of total XP
 D = Non-vault monster count
 E = Vault monster count
 F = Vault count percentage of total count
                 A         B        C        D         E       F
            +---------+---------+-------+---------+---------+-------
      Total |     102 |      42 |  29.2 |      41 |       3 |   6.8
            +---------+---------+-------+---------+---------+-------
        D:1 |      37 |       0 |   0.0 |      22 |       0 |   0.0
        D:2 |      65 |      42 |  39.3 |      19 |       3 |  13.6
            +---------+---------+-------+---------+---------+-------
